AoeStats
← iaguz

Arabian Desert

509363952Analyzed
1v1 RM · 5d ago on Sep 26, 2026· 33m 8s· 2 players
Game mode
Random Map
Map size
Tiny (2 player)
Population
200
Speed
Normal
Resources
Standard
Victory
Conquest
Starting age
Dark Age
Ending age
Imperial Age
RankedLock teamsTeams togetherTeam positionsShared explorationLock speedFull tech treeHidden civsTurbo modeCheats
Victory
Defeat
🇦🇺 Huns · Australia
1952
+15
1937
-15
[DDocs] Dr.Rollstuhl - Twitch
6:10 Loom
8:37 Feudal Age
9:49 Double-Bit Axe
9:48 Horse Collar
19:51 Wheelbarrow
24:50 Castle Age
24:53 Bloodlines
24:54 Scale Barding Armor
26:04 Husbandry
26:50 Chain Barding Armor
iaguz
5:55 Loom
8:55 Feudal Age
9:29 Double-Bit Axe
9:52 Horse Collar
20:57 Wheelbarrow
23:39 Castle Age
22:41 Bloodlines
22:27 Gold Mining
22:47 Fletching
22:58 Padded Archer Armor
24:17 Bodkin Arrow
24:36 Bow Saw
24:30 Husbandry
26:43 Padded Archer Armor
28:05 Ballistics
30:03 Pikeman
31:07 Forging
30:57 Scale Mail Armor
31:50 Arson
32:05 Squires
Connection lost

Rejoining the realm…

Still unreachable

The connection could not be restored.

Session expired

The server has moved on; the page needs a fresh start.